 Dungeon Crawl Stone Soup version 0.23-a0-448-g1c01f63 (webtiles) character file.

104 sl00ts the Sneak (level 4, 0/29 HPs)
             Began as an Octopode Assassin on Nov 21, 2018.
             Slain by an orc wizard
             ... wielding a +1 dagger of venom
              (1 damage)
             ... on level 3 of the Dungeon.
             The game lasted 00:03:23 (1540 turns).

sl00ts the Sneak (Octopode Assassin)                Turns: 1540, Time: 00:03:23

Health: 0/29       AC:  1    Str: 10    XL:     4   Next: 80%
Magic:  13/13      EV: 14    Int: 13    God:
Gold:   107        SH:  0    Dex: 14    Spells: 3/3 levels left

rFire    . . .     SeeInvis .   a - +2 dagger
rCold    . . .     Gourm    .   (no shield)
rNeg     . . .     Faith    .   (helmet restricted)
rPois    .         Spirit   .   (no amulet)
rElec    .         Reflect  .   i - ring of magical power
rCorr    .         Harm     .   (no ring)
MR       .....                  (no ring)
Stlth    ++++......             (no ring)
HPRegen  0.09/turn              (no ring)
MPRegen  0.13/turn              (no ring)
                                (no ring)
                                (no ring)

@: hasted, very quick
A: almost no armour, stealthy swim, amphibious, 8 rings, constrict 8, camouflage
1, gelatinous body 1
a: no special abilities


You were on level 3 of the Dungeon.
You were hungry.

You visited 1 branch of the dungeon, and saw 3 of its levels.

You collected 107 gold pieces.

Inventory:

Hand Weapons
 a - a +2 dagger (weapon)
 b - a +0 blowgun
Missiles
 c - 8 poisoned needles (quivered)
 d - 2 curare-tipped needles
Jewellery
 i - a ring of magical power (left tentacle)
Scrolls
 e - 2 scrolls of identify
 h - a scroll of teleportation
Potions
 l - a potion of brilliance {unknown}
 m - a potion of heal wounds {unknown}
Comestibles
 f - 7 rations


   Skills:
 - Level 2.0 Fighting
 * Level 3.3 Short Blades
 - Level 2.0 Throwing
 * Level 2.9 Dodging
 + Level 6.0 Stealth


You had 3 spell levels left.
You didn't know any spells.
Your spell library was empty.

Dungeon Overview and Level Annotations

Branches:
Dungeon (3/15)

Altars:
Cheibriados
Dithmenos
Xom


Innate Abilities, Weirdness & Mutations

You cannot wear most types of armour.
You are very stealthy in the water. (Stealth+)
You are amphibious.
You can wear up to eight rings at the same time.
You can use your tentacles to constrict eight enemies at once.
Your skin changes colour to match your surroundings (Stealth+).
Your rubbery body absorbs attacks. (AC +1, EV +1)


Message History

* * * LOW HITPOINT WARNING * * *
The jackal closely misses you.
You hit the jackal. You grab the jackal.
The jackal is severely wounded.
You constrict the jackal.
The jackal bites you but does no damage.
The jackal bites you.
* * * LOW HITPOINT WARNING * * *
You hit the jackal.
You kill the jackal!
Your Stealth skill increases to level 6!
You constrict the jackal, but do no damage.
The jackal bites you.
* * * LOW HITPOINT WARNING * * *
You hit the jackal.
You kill the jackal!
The jackal bites you.
* * * LOW HITPOINT WARNING * * *
It was a potion of magic.
Magic courses through your body. Something hits you.
You die...

############ #............
####............
#........?......
#...............
#.$..)).........
#...............
#......{)h......
#...####@####.....
#.....##.####.....
#.....##.#.......
#..........#....##
####......####...#
#####..........#
#......#..##...##
#......#..##.#.....######
..####.#..##...###......##


You could see a jackal.

Vanquished Creatures
  An orc priest (D:3)
  An adder (D:2)
  An ooze (D:3)
  A worm (D:3)
  A leopard gecko (D:2)
  6 orcs (D:3)
  5 bats
  5 giant cockroaches
  4 goblins
  6 hobgoblins
  4 jackals
  A ball python (D:2)
  5 frilled lizards
  2 kobolds
  10 rats
53 creatures vanquished.

Notes
Turn   | Place    | Note
-------+----------+-------------------------------------------
     0 | D:1      | sl00ts the Octopode Assassin began the quest for the Orb.
     0 | D:1      | Reached XP level 1. HP: 14/14 MP: 1/1
   186 | D:1      | Reached XP level 2. HP: 11/19 MP: 2/2
   838 | D:2      | Found a shadowy altar of Dithmenos.
   889 | D:2      | Reached XP level 3. HP: 23/24 MP: 3/3
  1407 | D:3      | Reached XP level 4. HP: 29/29 MP: 4/4
  1450 | D:3      | Found a snail-covered altar of Cheibriados.
  1457 | D:3      | Found a shimmering altar of Xom.
  1538 | D:3      | Reached skill level 6 in Stealth
  1539 | D:3      | HP: 1/29 [jackal (2)]
  1540 | D:3      | Slain by an orc wizard

Vault maps used:
D:1:      nagdon_arrival_zigzag_paths, serial_rivers,
          chequers_serial_rivers_large_a, chequers_serial_rivers_small_b,
          chequers_serial_rivers_small_3, chequers_serial_rivers_micro_e,
          minivault_25
D:2:      grunt_dithmenos_smoke_and_mirrors, minmay_tromino_v4_c
D:3:      minmay_evil_eye, amethyst_overflow_temple_binary, first_ration,
          ebering_ghost_gozag, serial_bayou_lake_a

Skill      XL: |  1  2  3  4 |
---------------+-------------+-----
Dodging        | 2 |  2.9
Short Blades   | 3 |  3.3
Stealth        | 6 |  6.0
Fighting       | |  2.0
Throwing       | |  2.0

Action                   |  1- 3 |  4- 6 || total
-------------------------+-------+-------++-------
Melee: Dagger            |    70 |    31 ||   101
       Constrict         |    18 |     9 ||    27
       Tentacles         |    12 |     7 ||    19
  Use: Scroll            |     4 |       ||     4
       Potion            |       |     3 ||     3
 Stab: Sleeping          |    10 |     1 ||    11
  Eat: Chunk             |     1 |       ||     1
Armor: Skin              |     5 |     4 ||     9
Dodge: Dodged            |    33 |    29 ||    62

Table legend:
 A = Non-vault XP
 B = Vault XP
 C = Vault XP percentage of total XP
 D = Non-vault monster count
 E = Vault monster count
 F = Vault count percentage of total count
                 A         B        C        D         E       F
            +---------+---------+-------+---------+---------+-------
      Total |     148 |       1 |   0.7 |      52 |       1 |   1.9
            +---------+---------+-------+---------+---------+-------
        D:1 |      30 |       0 |   0.0 |      20 |       0 |   0.0
        D:2 |      39 |       1 |   2.5 |      18 |       1 |   5.3
        D:3 |      79 |       0 |   0.0 |      14 |       0 |   0.0
            +---------+---------+-------+---------+---------+-------
